 Dungeon Crawl Stone Soup version 0.26-a0-21-gf97e55dc39 (webtiles) character file.

Game seed: 7893001628562638536, levelgen mode: deterministic

67587 MordorOrchid the Frost Mage (level 14, -11/128 HPs)
             Began as a Yellow Draconian Ice Elementalist on May 26, 2020.
             Was a High Priest of Sif Muna.
             Mangled by a salamander
             ... wielding a +2 spear
              (16 damage)
             ... on level 2 of the Lair of Beasts.
             The game lasted 03:07:19 (18247 turns).

MordorOrchid the Frost Mage (DrIE)                 Turns: 18247, Time: 03:07:19

Health: -11/128    AC:  9    Str: 15    XL:     14   Next: 83%
Magic:  18/38      EV: 18    Int: 20    God:    Sif Muna [*****.]
Gold:   739        SH:  0    Dex: 13    Spells: 3/36 levels left

rFire    x . .     SeeInvis .   (weapon currently unavailable)
rCold    + + +     Gourm    .   (shield currently unavailable)
rNeg     . . .     Faith    .   (armour unavailable)
rPois    +         Spirit   .   (helmet currently unavailable)
rElec    +         Reflect  .   (cloak currently unavailable)
rCorr    .         Harm     .   (gloves currently unavailable)
MR       +....                  (boots currently unavailable)
Stlth    +.........             f - amulet of magic regeneration
HPRegen  0.31/turn              R - ring of magical power
MPRegen  0.51/turn              K - ring of Tyas {+Fly rElec EV+4 Str+5 Stlth-}

@: ice-form
A: large, (spit acid), unfitting armour, AC +8
a: End Transformation, Channel Magic, Forget Spell, Divine Exegesis, Renounce
Religion, Evoke Flight


You were on level 2 of the Lair of Beasts.
You worshipped Sif Muna.
Sif Muna was extremely pleased with you.
You were not hungry.
You were a creature of crystalline ice.
You visited 5 branches of the dungeon, and saw 24 of its levels.

You collected 1977 gold pieces.
You spent 1238 gold pieces at shops.

Inventory:

Hand Weapons
 a - a +6 scimitar of flaming
 j - a +0 hand crossbow
 y - a +2 dagger of draining
 D - a +0 short sword of venom
 F - a +3 longbow of flaming
Missiles
 d - 178 sling bullets
 e - 366 arrows
 g - 52 boomerangs
 h - a throwing net
 n - 192 bolts
 M - 10 javelins (quivered)
 T - 5 curare-tipped darts
Armour
 i - a +2 buckler (melded)
 C - a +2 pair of gloves (melded)
 S - a +1 cloak (melded)
Magical Staves
 Y - an uncursed staff of cold (melded)
Jewellery
 c - a +6 ring of strength
 f - an amulet of magic regeneration (around neck)
 u - a +4 ring of protection
 E - an uncursed ring of see invisible
 K - the ring of Tyas (right front paw) {+Fly rElec EV+4 Str+5 Stlth-}
   (You found it on level 10 of the Dungeon)

   [ring of evasion]

   It affects your evasion (+4).
   It affects your strength (+5).
   It insulates you from electricity.
   It lets you fly.
   It makes you less stealthy.
 R - a ring of magical power (left front paw)
 Z - an uncursed ring of protection from magic
Wands
 k - a wand of polymorph (1)
 t - a wand of digging (2)
 v - a wand of iceblast (26)
 A - a wand of enslavement (5)
 J - a wand of clouds (8)
 N - a wand of disintegration (36)
Scrolls
 l - 3 scrolls of remove curse
 m - 7 scrolls of teleportation
 o - a scroll of enchant weapon
 q - 2 scrolls of fog
 w - a scroll of identify
 z - 2 scrolls of fear
 G - 2 scrolls of amnesia
 O - 5 scrolls of magic mapping
 P - 4 scrolls of immolation
 Q - a scroll of summoning
 W - 2 scrolls of blinking
Potions
 p - 8 potions of curing
 s - a potion of ambrosia
 x - a potion of haste
 B - 2 potions of flight
 H - 2 potions of stabbing
 I - 2 potions of resistance
 L - a potion of brilliance
 U - a potion of magic
 V - 9 potions of heal wounds
 X - a potion of might
Miscellaneous
 r - 2 phantom mirrors
Comestibles
 b - 30 rations


   Skills:
 - Level 5.0 Fighting
 - Level 3.0 Long Blades
 - Level 2.0 Throwing
 * Level 8.8 Dodging
 - Level 2.0 Stealth
 * Level 5.3 Shields
 * Level 0.9 Unarmed Combat
 + Level 11.5 Spellcasting
 * Level 9.8 Conjurations
 - Level 3.0 Hexes
 * Level 2.3 Charms
 - Level 6.0 Summonings
 - Level 4.0 Transmutations
 + Level 12.8 Ice Magic
 - Level 5.0 Air Magic
 - Level 6.0 Invocations
 - Level 6.0 Evocations


You had 3 spell levels left.
You knew the following spells:

 Your Spells              Type           Power        Failure   Level  Hunger
a - Magic Dart            Conj           ####         1%          1    None
b - Frozen Ramparts       Ice            ######       1%          3    None
c - Freeze                Ice            ####         1%          1    None
i - Iskenderun's Battles  Conj/Chrm      #####...     14%         5    ####...
j - Summon Lightning Spi  Summ/Air       ####....     6%          4    #......
r - Hailstorm             Conj/Ice       ######..     1%          4    #......
s - Summon Ice Beast      Ice/Summ       #####...     1%          4    #......
y - Ozocubu's Armour      Chrm/Ice       #####...     1%          3    None
J - Fulminant Prism       Conj/Hex       #####.....   4%          4    #......
Y - Ice Form              Ice/Tmut       #####...     1%          4    #......

Your spell library contained the following spells:

 Spells                   Type           Power        Failure   Level  Hunger
 Corona                   Hex            ###....      1%          1    None
 Shock                    Conj/Air       ####         1%          1    None
 Summon Butterflies       Summ           #####...     1%          1    None
 Summon Small Mammal      Summ           ####         1%          1    None
 Call Imp                 Summ           #####...     1%          2    None
 Ensorcelled Hibernation  Hex/Ice        #####.       1%          2    None
 Searing Ray              Conj           ######       1%          2    None
 Swiftness                Chrm/Air       ####....     1%          2    None
 Call Canine Familiar     Summ           #####...     1%          3    None
 Dazzling Flash           Conj/Hex       #####.       1%          3    None
 Static Discharge         Conj/Air       #####...     1%          3    None
 Infusion                 Chrm           ###.         2%          1    None
 Sting                    Tmut/Pois      ###.         2%          1    None
 Conjure Flame            Conj/Fire      ####....     2%          3    None
 Mephitic Cloud           Conj/Pois/Air  ####....     2%          3    None
 Stone Arrow              Conj/Erth      ####..       2%          3    None
 Summon Guardian Golem    Hex/Summ       ####....     2%          3    None
 Corpse Rot               Necr/Air       N/A          3%          2    None
 Poisonous Vapours        Pois/Air       ###...       3%          2    None
 Song of Slaying          Chrm           ###.....     3%          2    None
 Passwall                 Tmut/Erth      ###.....     4%          2    None
 Shroud of Golubria       Chrm/Tloc      ###...       5%          2    None
 Confusing Touch          Hex            ###.....     5%          3    None
 Tukima's Dance           Hex            ###.....     5%          3    None
 Spectral Weapon          Hex/Chrm       ###.....     6%          3    None
 Spider Form              Tmut/Pois      ###.......   8%          3    None
 Ignite Poison            Fire/Tmut/Pois ###.....     11%         3    None
 Gell's Gravitas          Tloc           ##........   19%         3    None
 Ozocubu's Refrigeration  Ice            ######....   4%          6    ######.
 Metabolic Englaciation   Hex/Ice        #####.....   6%          5    ####...
 Iskenderun's Mystic Bla  Conj/Tloc      ####....     8%          4    #......
 Lightning Bolt           Conj/Air       #####.....   8%          5    ####...
 Irradiate                Conj/Tmut      #####.....   10%         5    ####...
 Summon Demon             Summ           #####.....   14%         5    ####...
 Freezing Cloud           Conj/Ice/Air   #####.....   22%         6    ######.
 Petrify                  Tmut/Erth      ###.....     26%         4    #......
 Yara's Violent Unravell  Hex/Tmut       ####......   36%         5    ####...
 Bolt of Magma            Conj/Fire/Erth ###.......   41%         5    ####...
 Conjure Ball Lightning   Conj/Air       #####.....   41%         6    ######.
 Olgreb's Toxic Radiance  Pois           ##......     52%         4    #......
 Simulacrum               Ice/Necr       #####.....   54%         6    ######.
 Shadow Creatures         Summ           N/A          61%         6    ######.
 Orb of Destruction       Conj           ######....   65%         7    #######
 Iron Shot                Conj/Erth      ####......   77%         6    ######.
 Borgnjor's Vile Clutch   Necr/Erth      ##........   86%         5    ####...
 Spellforged Servitor     Conj/Summ      #####.....   89%         7    #######
 Statue Form              Tmut/Erth      ###......    99%         6    ######.
 Monstrous Menagerie      Summ           #####.....   99%         7    #######
 Summon Greater Demon     Summ           #####.....   99%         7    #######
 Chain Lightning          Conj/Air       #####.....   100%        8    #######
 Lehudib's Crystal Spear  Conj/Erth      ####......   100%        8    #######
 Shatter                  Erth           ##........   100%        9    #######
 Tornado                  Air            ####......   100%        9    #######


Dungeon Overview and Level Annotations

Branches:
Dungeon (14/15)            Temple (1/1) D:5            Lair (6/6) D:8
  Swamp (0/4) Lair:3        Snake (1/4) Lair:2        Slime (0/5) Lair:5
    Orc (2/2) D:9             Elf (0/3) Orc:2        Vaults (0/5) D:13

Altars:
Ashenzari
Cheibriados
Dithmenos
Elyvilon
Fedhas
Gozag
Hepliaklqana
Kikubaaqudgha
Makhleb
Nemelex Xobeh
Qazlal
Sif Muna
Trog
Uskayaw
Vehumet
Wu Jian
Yredelemnul
Zin
Beogh
Jiyva

Shops:
D:10 ?   D:11 *   D:12 !   Orc:2 *=([

Annotations:
D:5 kelmiir's ghost, novice DDFi
D:6 Blork the orc
D:9 3 runed translucent doors, janiczek's ghost, novice HOFi
D:13 3 runed translucent doors, Gall2222's ghost, journeyman DrGl


Innate Abilities, Weirdness & Mutations

((You can spit globs of acid.))
((Your golden yellow scales are hard. (AC +8)))
You cannot fit into any form of body armour.
((You have acidic saliva.))
((You are cold-blooded and may be slowed by cold attacks.))
((You are resistant to acid. (rCorr)))


Message History

The naga ritualist barely misses you. x2
Your lightning spire shoots out a bolt of lightning at the guardian serpent!
The bolt of electricity hits the guardian serpent!
The guardian serpent dies!
Sif Muna accepts your kill.
Your ice beast closely misses the salamander.
The frozen ramparts melt away.
You climb upwards.
Welcome back to the Lair of Beasts!
Your summoned allies are left behind.
There is a staircase to the Snake Pit here.
Unknown command.
Unknown command.
Unknown command.
Unknown command.
The salamander hits you from afar with a +2 spear!
You are engulfed in flames!!
The fire burns you terribly!
* * * LOW HITPOINT WARNING * * *
The salamander hits you from afar with a +2 spear!
* * * LOW HITPOINT WARNING * * *
You are engulfed in flames!
The fire burns you terribly!
You die...

...## ##...######.รท....## ....#
#...## #.......# ....##### #..P#
#.......## ........### ##.##
#....#...# ..........####...#
##...P##..#
.....P.....##.P.#######....###...
...####....P......##.P......#####
..## ##......N..............# ###
#####..P.Y....##P.....#### #
########..N.##.P###.........# #
#...#....P.N# ### ##........#
####P.........###### #.........
#.#........#...##.P####.........
# #...##..####........####.......
###.#####.# #...#.....# ##......
.#..# ### ##...#.....## #......
....# #.#..###....# ###....


You could see 2 salamanders and a naga ritualist.

Vanquished Creatures
  2 orc warlords (Orc:2)
  Nessos (D:13)
  2 slime creatures
  Josephine (D:9)
  Erolcha (D:11)
  A naga warrior (Snake:1)
  3 hydras
  An anaconda (Snake:1)
  A centaur warrior (D:13)
  2 two-headed ogres
  3 death yaks (Lair:6)
  A queen ant (Lair:3)
  Nergalle (D:12)
  A naga sharpshooter (Snake:1)
  A shock serpent (Snake:1)
  Sonja (D:12)
  2 unseen horrors
  An orc knight (Orc:2)
  Pikel (D:9)
  A deep elf mage (D:12)
  An ugly thing (D:12)
  An orc sorcerer (Orc:2)
  6 black mambas
  3 elephants (Lair:6)
  A naga mage (Snake:1)
  Maurice (D:11)
  13 spiny frogs
  A gargoyle (D:13)
  3 komodo dragons
  2 rime drakes
  4 trolls
  A polar bear (Lair:2)
  2 hornets
  A tyrant leech (Lair:6)
  8 blink frogs
  A bog body (Lair:3)
  7 hippogriffs
  A spriggan (Lair:6)
  A shadow (D:13)
  4 wyverns
  7 wraiths
  3 basilisks
  22 yaks
  12 vampire mosquitoes
  A steam dragon (D:11)
  A swamp worm (Lair:3)
  A warg (Orc:1)
  A naga (Snake:1)
  An acid dragon (D:13)
  12 water moccasins
  A soldier ant (Lair:3)
  Duvessa (D:7)
  7 porcupines
  32 orc warriors
  5 sky beasts
  A black bear (D:8)
  A necrophage (D:6)
  3 ice beasts
  4 phantoms
  7 ogres
  13 centaurs
  27 wolves (Lair:6)
  8 crocodiles
  A big kobold (D:13)
  A nameless horror (Lair:6)
  18 bullfrogs
  A gnoll sergeant (D:12)
  A wyvern zombie (D:5)
  Dowan (D:7)
  4 scorpions
  2 troll zombies (D:9)
  A wight (D:9)
  14 killer bees
  4 howler monkeys
  6 electric eels
  5 crimson imps
  A centaur zombie (D:9)
  2 bullfrog zombies
  2 hounds
  3 bullfrog skeletons
  Crazy Yiuf (D:2)
  3 centaur skeletons
  12 orc priests
  3 jellies
  Jessica (D:2)
  19 orc wizards
  24 worker ants
  An ogre zombie (D:9)
  A hound zombie (D:11)
  A hound skeleton (D:6)
  A worker ant zombie (D:9)
  11 gnolls
  15 adders
  3 oozes
  2 worms
  2 adder skeletons
  6 leopard geckos
  88 orcs
  3 ball pythons
  8 bats
  A giant cockroach (D:7)
  12 goblins
  13 hobgoblins
  18 jackals
  10 kobolds
  2 quokkas
  6 frilled lizards
  A goblin skeleton (D:9)
  A hobgoblin skeleton (D:9)
  2 hobgoblin zombies (D:9)
  2 leopard gecko simulacra (D:5)
  An orc skeleton (D:9)
  4 orc zombies (D:9)
  A quokka simulacrum (D:5)
  A quokka zombie (D:8)
  7 rats
  3 plants
618 creatures vanquished.

Vanquished Creatures (collateral kills)
  Rupert (D:12)
  3 hydras
  A catoblepas (Lair:4)
  Erica (D:9)
  2 death yaks (Lair:6)
  An orc knight (Orc:2)
  An ugly thing (D:13)
  3 black mambas
  A guardian serpent (Snake:1)
  2 elephants (Lair:6)
  3 komodo dragons
  2 rime drakes
  4 spiny frogs (Lair:6)
  A tyrant leech (Lair:6)
  2 bog bodies (Lair:3)
  6 blink frogs
  2 slime creatures (D:13)
  2 hippogriffs
  14 yaks
  2 wyverns (D:9)
  2 wraiths
  2 basilisks
  A hungry ghost (D:12)
  A swamp worm (Lair:3)
  A warg (Orc:1)
  A water moccasin (Lair:4)
  A soldier ant (Lair:3)
  A porcupine (Lair:2)
  A black bear (D:8)
  A sky beast (D:13)
  4 orc warriors
  2 ice beasts
  A necrophage (D:9)
  2 phantoms (D:9)
  A centaur (D:11)
  2 ogres
  5 wolves (Lair:6)
  3 crocodiles
  6 bullfrogs
  4 killer bees (D:9)
  3 wights (D:9)
  A quasit (D:8)
  A hound (D:9)
  A jelly (D:11)
  A centaur skeleton (D:12)
  4 orc priests
  3 centaur zombies
  5 orc wizards
  5 worker ants
  5 ogre zombies (D:9)
  A gnoll (D:11)
  An adder (D:10)
  A hound simulacrum (D:5)
  A shadow imp (D:10)
  16 orcs
  3 goblin zombies (D:9)
  3 hobgoblin skeletons (D:9)
  4 hobgoblin zombies (D:9)
  A kobold (D:13)
  An orc skeleton (D:9)
  5 orc zombies (D:9)
  3 plants
165 creatures vanquished.

Vanquished Creatures (others)
  A wizard (D:11)
  A slave (D:9)
  A bush (Lair:6)
  19 fulminant prisms
  13 fungi
  44 plants
79 creatures vanquished.

Grand Total: 862 creatures vanquished

Notes
Turn   | Place    | Note
-------+----------+-------------------------------------------
     0 | D:1      | MordorOrchid the Draconian Ice Elementalist began the quest
                  | for the Orb.
     0 | D:1      | Reached XP level 1. HP: 14/14 MP: 3/3
   145 | D:1      | Reached XP level 2. HP: 22/22 MP: 5/5
   252 | D:1      | Reached skill level 1 in Fighting
   302 | D:1      | Reached XP level 3. HP: 28/28 MP: 3/6
   310 | D:1      | Learned a level 3 spell: Frozen Ramparts
   559 | D:1      | You fall into a shaft and drop 1 floor!
   571 | D:2      | Noticed Jessica
   665 | D:2      | Killed Jessica
   665 | D:2      | Reached XP level 4. HP: 27/35 MP: 0/8
   864 | D:2      | Found a shattered altar of Ashenzari.
   864 | D:2      | Found an ornate altar of the Wu Jian Council.
   864 | D:2      | Found a shadowy altar of Dithmenos.
   879 | D:2      | Found a glowing silver altar of Zin.
   949 | D:2      | Found a runed translucent door.
   950 | D:2      | Noticed Crazy Yiuf
   970 | D:2      | Killed Crazy Yiuf
  1112 | D:2      | Reached XP level 5. HP: 41/41 MP: 4/10
  1317 | D:2      | Learned a level 3 spell: Ozocubu's Armour
  1348 | D:3      | Reached skill level 5 in Ice Magic
  1422 | D:3      | Learned a level 4 spell: Hailstorm
  1599 | D:3      | Found a faded altar of an unknown god.
  1775 | D:4      | Noticed a hippogriff
  1818 | D:4      | Killed a hippogriff
  1818 | D:4      | Reached skill level 1 in Conjurations
  1818 | D:4      | Reached skill level 1 in Charms
  1818 | D:4      | Reached XP level 6. HP: 27/48 MP: 1/12
  2312 | D:5      | Entered Level 5 of the Dungeon
  2399 | D:5      | Found a runed translucent gate.
  2399 | D:5      | Found a runed translucent gate.
  2399 | D:5      | Found a runed translucent gate.
  2460 | D:5      | Noticed an ice beast
  2464 | D:5      | Noticed a sky beast
  2475 | D:5      | Killed a sky beast
  2475 | D:5      | Your scales start taking on a golden yellow colour.
  2475 | D:5      | Reached XP level 7. HP: 50/55 MP: 7/13
  2475 | D:5      | Gained mutation: You are resistant to acid. (rCorr) [Yellow
                  | Draconian growth]
  2530 | D:5      | Found a staircase to the Ecumenical Temple.
  2536 | Temple   | Entered the Ecumenical Temple
  2550 | Temple   | Became a worshipper of Sif Muna the Loreminder
  2749 | D:5      | Reached skill level 6 in Ice Magic
  2911 | D:5      | Reached skill level 5 in Spellcasting
  2933 | D:5      | Learned a level 4 spell: Summon Ice Beast
  3269 | D:6      | Found a sparkling altar of Nemelex Xobeh.
  3270 | D:6      | Found an opulent altar of Gozag.
  3325 | D:6      | Reached XP level 8. HP: 61/61 MP: 12/16
  3543 | D:6      | Noticed Blork the orc
  3719 | D:6      | Found a burning altar of Makhleb.
  3733 | D:6      | Reached skill level 7 in Ice Magic
  3917 | D:6      | Reached skill level 1 in Summonings
  4043 | D:7      | Found a hide-covered altar of Uskayaw.
  4049 | D:7      | Noticed a +0 hand axe
  4055 | D:7      | Noticed a +0 hand axe
  4095 | D:7      | Found a white marble altar of Elyvilon.
  4159 | D:7      | Noticed Dowan
  4160 | D:7      | Noticed Duvessa
  4303 | D:7      | Killed Duvessa
  4306 | D:7      | Killed Dowan
  4306 | D:7      | Reached * piety under Sif Muna
  4457 | D:7      | Found a hazy altar of Hepliaklqana.
  4510 | D:7      | Reached XP level 9. HP: 67/67 MP: 16/18
  4514 | D:7      | Reached skill level 5 in Conjurations
  4696 | D:7      | Learned a level 4 spell: Summon Lightning Spire
  4794 | D:8      | Reached skill level 1 in Invocations
  4829 | D:8      | Found a radiant altar of Vehumet.
  4955 | D:8      | Found a blossoming altar of Fedhas.
  4955 | D:8      | Found a white marble altar of Elyvilon.
  5001 | D:8      | Found a basalt altar of Yredelemnul.
  5003 | D:8      | Found a faded altar of an unknown god.
  5004 | D:8      | Found a snail-covered altar of Cheibriados.
  5268 | D:8      | Found a staircase to the Lair.
  5379 | D:9      | Found a runed translucent gate.
  5379 | D:9      | Found a runed translucent gate.
  5379 | D:9      | Found a runed translucent gate.
  5537 | D:5      | Noticed kelmiir's ghost (novice DDFi)
  5663 | D:9      | Reached ** piety under Sif Muna
  5694 | D:9      | Noticed janiczek's ghost (novice HOFi)
  5714 | D:9      | Noticed an ice devil
  5737 | D:9      | Reached skill level 1 in Air Magic
  5793 | D:9      | Noticed a two-headed ogre
  5861 | D:9      | Reached skill level 5 in Summonings
  5925 | D:9      | Reached XP level 10. HP: 56/73 MP: 14/20
  5936 | D:9      | Found a staircase to the Orcish Mines.
  6000 | D:9      | Reached *** piety under Sif Muna
  6058 | D:9      | Reached skill level 8 in Ice Magic
  6144 | D:9      | Noticed Pikel
  6153 | D:9      | Killed Pikel
  6153 | D:9      | Reached skill level 5 in Dodging
  6208 | D:9      | Killed a two-headed ogre
  6395 | D:9      | Noticed Erica
  6403 | D:9      | Killed Erica
  6610 | D:10     | Entered Level 10 of the Dungeon
  6688 | D:10     | Reached **** piety under Sif Muna
  6827 | D:10     | Reached skill level 1 in Long Blades
  6916 | D:10     | Got a brightly glowing amber ring
  6918 | D:10     | Identified the ring of Tyas {+Fly rElec EV+4 Str+5 Stlth-}
                  | (You found it on level 10 of the Dungeon)
  7281 | D:10     | Reached XP level 11. HP: 84/84 MP: 17/23
  7288 | D:10     | Reached skill level 1 in Evocations
  7297 | D:10     | Reached skill level 9 in Ice Magic
  7513 | D:10     | Found Veleuloido's Magic Scroll Emporium.
  7522 | D:10     | Bought a scroll of blinking for 97 gold pieces
  7522 | D:10     | Bought a scroll of identify for 26 gold pieces
  7522 | D:10     | Bought a scroll of teleportation for 39 gold pieces
  7522 | D:10     | Bought a scroll of identify for 26 gold pieces
  7522 | D:10     | Bought a scroll of fear for 45 gold pieces
  7522 | D:10     | Bought a scroll of magic mapping for 45 gold pieces
  7522 | D:10     | Bought a scroll of immolation for 45 gold pieces
  7522 | D:10     | Bought a scroll of summoning for 123 gold pieces
  7635 | D:11     | Noticed Maurice
  7636 | D:11     | Noticed Erolcha
  7664 | D:11     | Killed Erolcha
  7674 | D:11     | Killed Maurice
  7729 | D:11     | Noticed an unseen horror
  7741 | D:11     | Killed an unseen horror
  7900 | D:11     | Found Dioridwi's Changing Room.
  7971 | D:11     | Found a bloodstained altar of Trog.
  7989 | D:11     | Noticed a wizard
  7994 | D:11     | Killed a wizard
  8050 | D:11     | Reached ***** piety under Sif Muna
  8286 | D:12     | Learned a level 4 spell: Fulminant Prism
  8298 | D:12     | Identified Sif Muna's Almanac of Dusty Shape Shifting (Sif
                  | Muna gifted it to you on level 12 of the Dungeon)
  8298 | D:12     | Received a gift from Sif Muna
  8363 | D:12     | Noticed a white ugly thing
  8378 | D:12     | Killed a white ugly thing
  8419 | D:12     | Found Gitef's Distillery.
  8425 | D:12     | Bought 2 potions of heal wounds for 120 gold pieces
  8425 | D:12     | Bought a potion of curing for 36 gold pieces
  8571 | D:12     | Identified Anomuat's Catalogue of Cold
  8680 | D:12     | Noticed Rupert
  8708 | D:12     | Killed Rupert
  8708 | D:12     | Reached skill level 1 in Hexes
  8708 | D:12     | Reached XP level 12. HP: 91/91 MP: 7/24
  8785 | D:12     | Noticed Sonja
  8796 | D:12     | Killed Sonja
  8796 | D:12     | Reached skill level 5 in Invocations
  8880 | D:12     | Reached skill level 5 in Air Magic
  8961 | D:12     | Noticed Nergalle
  8983 | D:12     | Killed Nergalle
  8983 | D:12     | Reached skill level 10 in Ice Magic
  9157 | D:13     | Noticed a centaur warrior
  9157 | D:13     | Noticed a centaur warrior
  9158 | D:13     | Noticed a deep troll earth mage
  9159 | D:13     | Noticed a fire giant
  9160 | D:13     | Found a runed translucent gate.
  9160 | D:13     | Noticed Gall2222's ghost (journeyman DrGl)
  9161 | D:13     | Found a runed translucent gate.
  9161 | D:13     | Found a runed translucent gate.
  9423 | D:13     | Noticed a centaur warrior
  9443 | D:13     | Killed a centaur warrior
  9618 | D:13     | Noticed Nessos
  9625 | D:13     | Noticed a centaur warrior
  9630 | D:13     | Killed Nessos
 10010 | D:13     | Found a gate to the Vaults.
 10028 | D:13     | Noticed a two-headed ogre
 10037 | D:13     | Killed a two-headed ogre
 10335 | Orc:1    | Entered Level 1 of the Orcish Mines
 10335 | Orc:1    | Noticed Josephine
 10343 | Orc:1    | Identified Sif Muna's Reference Book on Cankerous Flight
                  | (Sif Muna gifted it to you on level 1 of the Orcish Mines)
 10343 | Orc:1    | Received a gift from Sif Muna
 10643 | D:9      | Killed Josephine
 10796 | Orc:1    | Found a roughly hewn altar of Beogh.
 10886 | Orc:2    | Entered Level 2 of the Orcish Mines
 10937 | Orc:2    | Found a roughly hewn altar of Beogh.
 10947 | Orc:2    | Reached XP level 13. HP: 96/96 MP: 21/26
 11027 | Orc:2    | Reached skill level 10 in Spellcasting
 11093 | Orc:2    | Found a roughly hewn altar of Beogh.
 11205 | Orc:2    | Reached skill level 5 in Evocations
 11213 | Orc:2    | Found a roughly hewn altar of Beogh.
 11213 | Orc:2    | Found Emoplu's Jewellery Shoppe.
 11368 | Orc:2    | Found a staircase to the Elven Halls.
 11592 | Orc:2    | Found a roughly hewn altar of Beogh.
 11597 | Orc:2    | Found Nashrig's General Store.
 11602 | Orc:2    | Bought a scroll of blinking for 112 gold pieces
 11602 | Orc:2    | Bought 4 boomerangs for 30 gold pieces
 11760 | Orc:2    | Identified Sif Muna's Tome of Companions and Flight (Sif
                  | Muna gifted it to you on level 2 of the Orcish Mines)
 11760 | Orc:2    | Received a gift from Sif Muna
 12010 | Orc:2    | Noticed an orc warlord
 12033 | Orc:2    | Killed an orc warlord
 12033 | Orc:2    | Reached skill level 1 in Throwing
 12076 | Orc:2    | Found Jacef's Antique Weapon Boutique.
 12077 | Orc:2    | Found a roughly hewn altar of Beogh.
 12078 | Orc:2    | Found Ilewat's Antique Armour Shop.
 12507 | Orc:1    | Noticed an orc warlord
 12850 | Orc:1    | Reached skill level 11 in Ice Magic
 12920 | Orc:2    | Killed an orc warlord
 13100 | Orc:2    | Bought a pair of glowing gloves for 247 gold pieces
 13117 | Orc:2    | Learned a level 4 spell: Ice Form
 13175 | Orc:2    | Bought a +2 buckler for 247 gold pieces
 13325 | Lair:1   | Entered Level 1 of the Lair of Beasts
 14057 | Lair:2   | Reached skill level 1 in Shields
 14260 | Lair:2   | Found a staircase to the Snake Pit.
 14280 | Lair:2   | Reached skill level 1 in Transmutations
 14435 | Lair:2   | Identified Sif Muna's Volume of the Frostbite and Calling
                  | (Sif Muna gifted it to you on level 2 of the Lair of
                  | Beasts)
 14435 | Lair:2   | Received a gift from Sif Muna
 14867 | Lair:3   | Found a staircase to the Swamp.
 14961 | Lair:3   | Reached skill level 12 in Ice Magic
 16073 | Lair:4   | Gained mutation: You have acidic saliva. [Yellow Draconian
                  | growth]
 16073 | Lair:4   | Reached XP level 14. HP: 104/104 MP: 21/28
 16287 | Lair:5   | Found a viscous altar of Jiyva.
 16287 | Lair:5   | Found a staircase to the Slime Pits.
 16601 | Lair:6   | Entered Level 6 of the Lair of Beasts
 16835 | Lair:6   | Identified Sif Muna's Grimoire of the Ashen Birds (Sif Muna
                  | gifted it to you on level 6 of the Lair of Beasts)
 16835 | Lair:6   | Received a gift from Sif Muna
 17105 | Lair:6   | Reached skill level 5 in Fighting
 17696 | Lair:6   | Reached skill level 5 in Shields
 17865 | Snake:1  | Entered Level 1 of the Snake Pit
 17928 | Snake:1  | Learned a level 5 spell: Iskenderun's Battlesphere
 17930 | Snake:1  | Learned a level 1 spell: Magic Dart
 17966 | Snake:1  | Identified Dusam's Handbook of Attacks (Sif Muna gifted it
                  | to you on level 1 of the Snake Pit)
 17966 | Snake:1  | Received a gift from Sif Muna
 18247 | Lair:2   | HP: 5/128 [salamander/+2 spear (13)]
 18247 | Lair:2   | Mangled by a salamander

Illustrated notes

Levels and vault maps discovered:
D:1:      wander_arrival_desolate, layout_basic, st_stairs_3, serial_park_tiny_1
D:2:      layout_basic, grunt_temple_overflow_open, guppyfry_early_lair_pool,
          uniq_crazy_yiuf_cottage, uniq_jessica
D:3:      layout_rooms, chequers_ecumenical_altar_grove, first_ration,
          st_stairs_8
D:4:      layout_loops_ring, kennysheep_decorative_pillar
D:5:      layout_cave_pools, minmay_temple_entry_nine_rooms,
          gammafunk_ghost_icy, bh_walls_and_bars
D:6:      layout_loops_corners, grunt_temple_overflow_opulence,
          makhleb_blood_cavern_becter, uniq_edmund, uniq_blork_the_orc
D:7:      layout_rooms, dancing_weapons_uskayaw, nicolae_overflow_hidden_temple,
          small_statue_intersection, elyvilon_altar_3, uniq_duvessa
D:8:      layout_rooms, chequers_temple_overflow_minitemple,
          grunt_lair_entry_orc_guard_hut, basic_altar
D:9:      layout_irregular_city, zombieorc2_lemuel, gammafunk_ghost_icy,
          hangedman_pestilent_swarm, uniq_erica, uniq_pikel
D:10:     layout_cave_pods, serial_shops, shop, minmay_misc_feat_alley,
          minmay_quadrilaterals
D:11:     layout_long_grid, minmay_misc_feat_five, serial_bayou_lagoon_a,
          nicolae_transmutations_shop, trog_wizard, uniq_maurice, uniq_erolcha
D:12:     layout_roguey, serial_shops, shop, uniq_rupert, uniq_sonja,
          uniq_nergalle
D:13:     layout_loops_corners, david_vaults_1, gammafunk_ghost_split,
          uniq_nessos
D:14:     kennysheep_blocky_room, layout_layer_cave, serial_shops,
          nicolae_shop_trees, serial_park_gazebo [serial_park_minivault_5x5_5],
          uniq_azrael
Temple:   zaba_magenta_temple
Lair:1:   layout_layer_cave, grunt_megastairs_3
Lair:2:   layout_cave_pods, minmay_snake_entry_six_corridors
Lair:3:   layout_gridlike, nicolae_swamp_entry_splash_gauntlet,
          minmay_another_anthill
Lair:4:   layout_regular_city, infiniplex_staircase_pool, lemuel_fruit_tree,
          serial_bayou_shore_b
Lair:5:   layout_loops_ring, slime_altar_1
Lair:6:   minmay_lair_end_frog_pond, layout_loops_ring,
          grunt_forest_large_clearings
Snake:1:  layout_misc_corridors, grunt_ministairs_14
Orc:1:    layout_caves, basic_altar, uniq_josephine
Orc:2:    grunt_orc_community_town_hall, layout_diamond_mine,
          grunt_orc_community_big_house_1, grunt_orc_community_big_house_2,
          grunt_orc_community_house_1, grunt_orc_community_house_1,
          grunt_orc_community_house_3, grunt_orc_community_house_3,
          minmay_orc_keep

Skill      XL: |  1  2  3  4  5  6  7  8  9 10 11 12 13 14 |
---------------+-------------------------------------------+-----
Stealth        | 2 |  2.0
Fighting       | 1 2 4 5 |  5.0
Dodging        | 2 3 4 5 6 7 8 |  8.8
Spellcasting   | 3 4 5 6 7 8 9 10 11 | 11.5
Ice Magic      | 5 6 7 8 9 10 12 | 12.8
Conjurations   | 1 2 4 5 6 7 8 9 |  9.8
Charms         | 1 2 |  2.3
Summonings     | 4 5 6 |  6.0
Invocations    | 2 4 6 |  6.0
Air Magic      | 1 3 4 5 |  5.0
Long Blades    | 1 3 |  3.0
Evocations     | 3 4 6 |  6.0
Hexes          | 1 3 |  3.0
Throwing       | 2 |  2.0
Shields        | 4 5 |  5.3
Transmutations | 2 4 |  4.0
Unarmed Combat | |  0.9

Action                   |  1- 3 |  4- 6 |  7- 9 | 10-12 | 13-15 || total
-------------------------+-------+-------+-------+-------+-------++-------
Melee: Short sword       |    14 |    33 |       |       |       ||    47
       Tailslap          |     2 |     4 |    18 |    28 |    37 ||    89
       Quarterstaff      |       |     1 |   107 |    49 |       ||   157
       Dagger            |       |       |    55 |    21 |       ||    76
       Scimitar          |       |       |       |   161 |   217 ||   378
       Staff             |       |       |       |       |    11 ||    11
       Bite              |       |       |       |       |    10 ||    10
       Unarmed           |       |       |       |       |     3 ||     3
 Fire: Longbow           |       |       |       |       |     8 ||     8
Throw: Stone             |     8 |       |       |       |       ||     8
       Dart              |       |    26 |    26 |    24 |    13 ||    89
       Boomerang         |       |       |    53 |       |    31 ||    84
       Javelin           |       |       |       |       |     1 ||     1
 Cast: Freeze            |    28 |    25 |    36 |    31 |    30 ||   150
       Frozen Ramparts   |     2 |    25 |    41 |    68 |   116 ||   252
       Summon Ice Beast  |       |       |    21 |   106 |    78 ||   205
       Hailstorm         |       |       |     3 |    26 |    49 ||    78
       Fulminant Prism   |       |       |       |     6 |    13 ||    19
       Summon Lightning  |       |       |       |     3 |    66 ||    69
       Ozocubu's Armour  |       |       |       |       |     3 ||     3
       Ice Form          |       |       |       |       |     3 ||     3
       Magic Dart        |       |       |       |       |    20 ||    20
       Iskenderun's Batt |       |       |       |       |     5 ||     5
Invok: Channel Magic     |       |       |       |     5 |     1 ||     6
 Abil: Breathe Acid      |       |       |     1 |     7 |     6 ||    14
       End Transformatio |       |       |       |       |     1 ||     1
Evoke: Wand              |       |       |     1 |     3 |     3 ||     7
  Use: Potion            |       |     3 |     3 |     5 |       ||    11
       Scroll            |       |     6 |     2 |    12 |     9 ||    29
 Stab: Sleeping          |     4 |     1 |     6 |     1 |       ||    12
       Paralysed         |       |       |     1 |     1 |       ||     2
       Distracted        |       |       |     1 |     1 |     2 ||     4
  Eat: Chunk             |       |     7 |    14 |    29 |    29 ||    79
       Ration            |       |       |     1 |     1 |     2 ||     4
Armor: Skin              |    12 |    19 |    83 |   105 |   120 ||   339
Dodge: Dodged            |    26 |    33 |   157 |   261 |   447 ||   924
Block: Buckler           |       |       |       |       |    33 ||    33
       Rpst.: Scimitar   |       |       |       |    55 |    93 ||   148

Table legend:
 A = Non-vault XP
 B = Vault XP
 C = Vault XP percentage of total XP
 D = Non-vault monster count
 E = Vault monster count
 F = Vault count percentage of total count
                 A         B        C        D         E       F
            +---------+---------+-------+---------+---------+-------
      Total |   61816 |   34738 |  36.0 |     524 |     252 |  32.5
            +---------+---------+-------+---------+---------+-------
        D:1 |      52 |       1 |   1.9 |      22 |       1 |   4.3
        D:2 |      83 |      78 |  48.4 |      28 |       2 |   6.7
        D:3 |     128 |       1 |   0.8 |      29 |       1 |   3.3
        D:4 |     341 |       0 |   0.0 |      10 |       0 |   0.0
        D:5 |     588 |     191 |  24.5 |      10 |       6 |  37.5
        D:6 |     655 |     146 |  18.2 |      18 |       2 |  10.0
        D:7 |     914 |     228 |  20.0 |      20 |       2 |   9.1
        D:8 |     670 |     544 |  44.8 |      17 |       5 |  22.7
        D:9 |    3066 |    2876 |  48.4 |      33 |      42 |  56.0
       D:10 |    3190 |     212 |   6.2 |      34 |       3 |   8.1
       D:11 |    4611 |    1396 |  23.2 |      34 |       2 |   5.6
       D:12 |    5344 |    3405 |  38.9 |      42 |       3 |   6.7
       D:13 |    4316 |    2213 |  33.9 |      28 |       3 |   9.7
       D:14 |    1878 |       0 |   0.0 |      10 |       0 |   0.0
     Lair:1 |    1263 |     254 |  16.7 |       8 |       2 |  20.0
     Lair:2 |    5478 |    1408 |  20.4 |      28 |      10 |  26.3
     Lair:3 |    2033 |    2105 |  50.9 |      10 |      24 |  70.6
     Lair:4 |    3843 |       0 |   0.0 |      13 |       0 |   0.0
     Lair:5 |    3331 |       0 |   0.0 |      11 |       0 |   0.0
     Lair:6 |    9424 |   12421 |  56.9 |      32 |      67 |  67.7
    Snake:1 |    5228 |    1231 |  19.1 |      11 |       2 |  15.4
      Orc:1 |    1469 |     376 |  20.4 |      34 |       2 |   5.6
      Orc:2 |    3911 |    5652 |  59.1 |      42 |      73 |  63.5
            +---------+---------+-------+---------+---------+-------
